 Dungeon Crawl Stone Soup version 0.27-a0-660-g90476cec82 (webtiles) character file.

Game seed: 11583203626116420646

9512 tilp the Martial Artist (level 11, -5/74 (75) HPs)
             Began as an Octopode Transmuter on Mar 16, 2021.
             Was an Elder of Okawaru.
             Slain by a killer bee (9 damage)
             ... on level 10 of the Dungeon.
             The game lasted 00:37:05 (18929 turns).

tilp the Martial Artist (Octopode Transmuter)      Turns: 18929, Time: 00:37:06

HP:   -5/74 (75)    AC:  1    Str:  9    XL:     11   Next: 47%
MP:   16/17         EV: 16    Int: 19    God:    Okawaru [****..]
Gold: 258           SH:  0    Dex: 15    Spells: 3/18 levels left

rFire    . . .     SeeInvis .     - Unarmed
rCold    . . .     Faith    .   (no shield)
rNeg     . . .     Spirit   .   C - +0 hat
rPois    .         Reflect  .   t - amulet of regeneration
rElec    .         Harm     .   u - ring of wizardry
rCorr    .         Rampage  .   (no ring)
Will     .....     Clarity  +   (no ring)
Stlth    ++++......             (no ring)
HPRegen  1.22/turn              (no ring)
MPRegen  0.15/turn              (no ring)
                                (no ring)
                                (no ring)

@: wereblooded, studying 2 skills, lightly drained
A: almost no armour, amphibious, 8 rings, camouflage 1, gelatinous body 1,
nimble swimmer 1, tentacles, agile 1, clarity
a: Renounce Religion, Heroism


You were on level 10 of the Dungeon.
You worshipped Okawaru.
Okawaru was greatly pleased with you.
You visited 2 branches of the dungeon, and saw 13 of its levels.
You also visited: Sewer and Bailey.

You collected 873 gold pieces.
You spent 615 gold pieces at shops.

Inventory:

Missiles
 f - 75 poisoned darts (quivered)
 n - 4 throwing nets {!f}
 o - 18 boomerangs
 p - 2 silver javelins {!f}
 v - 39 javelins
Armour
 C - a +0 hat (worn)
Jewellery
 m - an amulet of magic regeneration
 t - an amulet of regeneration (around mantle)
 u - a ring of wizardry (left tentacle)
Wands
 B - a wand of polymorph (16)
 D - a wand of acid (4)
 F - a wand of iceblast (14)
Scrolls
 b - 3 scrolls of fear
 e - 9 scrolls of teleportation
 q - 2 scrolls of amnesia
 r - a scroll of magic mapping
 w - a scroll of blinking
 x - 2 scrolls of immolation
 y - a scroll of identify
Potions
 a - 3 potions of heal wounds
 c - 2 potions of attraction
 d - 4 potions of haste
 g - 4 potions of resistance
 h - 2 potions of might
 i - 3 potions of curing
 j - a potion of cancellation
 k - 2 potions of magic
 l - 8 potions of flight
 s - a potion of brilliance
 z - a potion of mutation
 A - a potion of lignification
 E - 2 potions of berserk rage
 G - a potion of invisibility


   Skills:
 + Level 7.3 Fighting
 + Level 7.3 Dodging
 - Level 6.0 Stealth
 - Level 10.0 Unarmed Combat
 - Level 4.0 Spellcasting
 - Level 6.0 Transmutations
 - Level 2.0 Ice Magic
 - Level 2.0 Poison Magic
 - Level 6.0 Invocations
 - Level 4.0 Evocations


You had 3 spell levels left.
You knew the following spells:

 Your Spells              Type           Power      Damage    Failure   Level
a - Beastly Appendage     Tmut           52%        N/A       1%          1
b - Wereblood             Tmut           26%        N/A       1%          2
c - Spider Form           Tmut/Pois      9%         N/A       3%          3
d - Ice Form              Ice/Tmut       19%        N/A       11%         4
e - Blade Hands           Tmut           13%        N/A       13%         5

Your spell library contained the following spells:

 Spells                   Type           Power      Damage    Failure   Level
 Confusing Touch          Hex            3%         N/A       16%         3
 Gell's Gravitas          Tloc           1%         N/A       16%         3
 Petrify                  Tmut/Erth      15%        N/A       16%         4
 Yara's Violent Unravell  Hex/Tmut       7%         3d5       38%         5
 Metabolic Englaciation   Hex/Ice        3%         N/A       65%         5


Dungeon Overview and Level Annotations

Branches:
Dungeon (12/15)            Temple (1/1) D:7            Lair (0/6) D:10
    Orc (0/2) D:9           Sewer (visited)          Bailey (visited)

Altars:
Ashenzari
Cheibriados
Dithmenos
Elyvilon
Fedhas
Gozag
Hepliaklqana
Kikubaaqudgha
Makhleb
Nemelex Xobeh
Okawaru
Qazlal
Ru
Sif Muna
Trog
Uskayaw
Vehumet
Wu Jian
Xom
Yredelemnul
Zin
The Shining One

Shops:
D:7 =:!?

Annotations:
D:11 exclusions: boulder beetle, kobold and ugly thing
D:12 1 runed translucent door


Innate Abilities, Weirdness & Mutations

You cannot wear most types of armour.
You are amphibious.
You can wear up to eight rings at the same time.
Your skin changes colour to match your surroundings (Stealth+).
Your rubbery body absorbs attacks. (AC +1, EV +1)
You are stealthy while swimming. (Stealth+)
You have tentacles for arms and can constrict up to eight enemies at once.
You are agile. (Dex +2)
You possess an exceptional clarity of mind.


Message History

You feel sick.
The killer bee buzzes angrily.
The wight hits you with a +0 short sword.
You punch the wight!
You destroy the wight!
Okawaru accepts your kill.
You howl as the wereblood boils in your veins!
You warm up again.
Your +0 hat unmelds from your body.
You hear an angry buzzing noise. x2
A killer bee comes into view. x2
You feel sick. The killer bee stings you. The killer bee closely misses you.
The killer bee completely misses you. The killer bee closely misses you.
The killer bee misses you. The killer bee stings you!
The killer bee closely misses you.
There is a stone staircase leading up, spattered with blood here.
The killer bee misses you. The killer bee barely misses you.
The killer bee closely misses you. The killer bee stings you!
You are more poisoned.
The killer bee poisons you! The killer bee stings you!
* * * LOW HITPOINT WARNING * * *
The killer bee stings you!
* * * LOW HITPOINT WARNING * * *
You climb upwards.
You feel sick.
There is a stone staircase leading down here.
Unknown command.
You feel better. The killer bee closely misses you. The killer bee stings you!
* * * LOW HITPOINT WARNING * * *
You are poisoned.
The killer bee poisons you! The killer bee completely misses you.
The killer bee stings you.
* * * LOW HITPOINT WARNING * * *
The killer bee misses you. The killer bee stings you.
* * * LOW HITPOINT WARNING * * *
You feel better. The killer bee stings you.
* * * LOW HITPOINT WARNING * * *
The killer bee misses you. The killer bee stings you!
* * * LOW HITPOINT WARNING * * *
The killer bee stings you!
You die...

###### ##.. ##....###
##... #.......###
###.... #.........##
##......
#..........####.......
##..........#.††..(...
#............#.......
##...y......##.......
#..@.....###........
#..yy...## #........
####......# #........
##)......### #........
#<.....### ##.......
######.## #.......
#..##### ##......
##.#...## ##.....
###......## ##....


You could see 3 killer bees.

Vanquished Creatures
  A deep elf pyromancer (D:9)
  A centaur skeleton (D:8)
  A troll (D:10)
  A hornet (D:10)
  A meliai zombie (D:10)
  Sigmund (D:5)
  A shadow (D:9)
  2 vampires
  A wraith (D:11)
  A wyvern (D:10)
  3 chaos spawn (D:8)
  Menkaure (D:4)
  4 sky beasts
  13 orc warriors
  2 ice beasts
  11 ogres
  13 centaurs
  7 phantoms
  5 bullfrogs
  2 scorpions
  10 killer bees
  7 wights
  A lava snake (D:8)
  2 bullfrog zombies (D:11)
  2 centaur zombies
  3 orc priests
  A quasit (D:9)
  Crazy Yiuf (D:5)
  A jelly (D:7)
  2 bullfrog skeletons
  Jessica (D:3)
  2 iguanas
  4 orc wizards
  5 worker ants
  8 ogre zombies (D:9)
  A hound zombie (D:9)
  Robin (D:3)
  3 gnolls (D:10)
  2 river rats (D:3)
  20 adders
  2 shadow imps
  5 white imps
  An ufetubus (D:8)
  4 oozes (Sewer)
  An adder skeleton (D:8)
  3 worms
  3 dart slugs
  12 leopard geckos
  48 orcs
  15 bats
  10 giant cockroaches
  19 goblins
  14 hobgoblins
  4 jackals (Sewer)
  8 kobolds
  3 quokkas
  6 ball pythons
  3 frilled lizards
  2 goblin skeletons (D:9)
  6 goblin zombies (D:9)
  2 hobgoblin skeletons (D:9)
  3 hobgoblin zombies (D:9)
  A leopard gecko skeleton (D:7)
  2 orc skeletons (D:9)
  10 orc zombies (D:9)
  7 rats
343 creatures vanquished.

Notes
Turn   | Place    | Note
-------+----------+-------------------------------------------
     0 | D:1      | tilp the Octopode Transmuter began the quest for the Orb.
     0 | D:1      | Reached XP level 1. HP: 13/13 MP: 3/3
   199 | D:1      | Reached skill level 1 in Stealth
   385 | D:1      | Reached XP level 2. HP: 18/18 MP: 3/5
   388 | D:1      | Learned a level 2 spell: Wereblood
  1362 | D:1      | Reached XP level 3. HP: 23/23 MP: 4/6
  2717 | D:2      | Reached XP level 4. HP: 30/30 MP: 5/7
  3629 | D:3      | Found a snail-covered altar of Cheibriados.
  3850 | D:3      | Found a glowing drain.
  4051 | Sewer    | Entered a sewer
  4061 | Sewer    | Reached XP level 5. HP: 21/36 MP: 8/8
  5468 | D:3      | Noticed Robin
  5494 | D:3      | Killed Robin
  5499 | D:3      | Reached skill level 4 in Unarmed Combat
  5740 | D:3      | Reached XP level 6. HP: 41/43 MP: 9/9
  6941 | D:3      | Reached skill level 5 in Unarmed Combat
  7372 | D:3      | Noticed Jessica
  7378 | D:3      | Killed Jessica
  7548 | D:4      | Noticed an orc warrior
  7651 | D:4      | Found an opulent altar of Gozag.
  7669 | D:4      | Found a shimmering altar of Xom.
  7688 | D:4      | Found a hide-covered altar of Uskayaw.
  7688 | D:4      | Found a white marble altar of Elyvilon.
  7688 | D:4      | Noticed Menkaure
  7690 | D:4      | Found a blossoming altar of Fedhas.
  7704 | D:4      | Killed Menkaure
  7705 | D:4      | Reached skill level 6 in Unarmed Combat
  7705 | D:4      | Reached XP level 7. HP: 16/48 MP: 10/10
  7709 | D:4      | Learned a level 3 spell: Spider Form
  8345 | D:5      | Entered Level 5 of the Dungeon
  8624 | D:5      | Found a stormy altar of Qazlal.
  8845 | D:5      | Found a runed translucent door.
  8846 | D:5      | Noticed Crazy Yiuf
  8926 | D:5      | Reached skill level 1 in Poison Magic
  9034 | D:5      | Noticed Sigmund
  9038 | D:5      | Gained mutation: You are agile. (Dex +2) [potion of
                  | mutation]
  9038 | D:5      | Gained mutation: You possess an exceptional clarity of
                  | mind. [potion of mutation]
  9051 | D:5      | Killed Sigmund
  9416 | D:5      | Killed Crazy Yiuf
  9615 | D:6      | Reached XP level 8. HP: 23/54 MP: 11/11
 10152 | D:6      | Learned a level 4 spell: Ice Form
 10714 | D:6      | Reached skill level 7 in Unarmed Combat
 11113 | D:6      | Found a broken altar of Ashenzari.
 11804 | D:7      | Found a staircase to the Ecumenical Temple.
 11813 | Temple   | Entered the Ecumenical Temple
 11914 | Temple   | Became a worshipper of Warmaster Okawaru
 11982 | D:7      | Found Goghappovu's Magic Scroll Shoppe.
 11989 | D:7      | Bought a scroll of noise for 13 gold pieces
 11989 | D:7      | Bought a scroll of identify for 26 gold pieces
 11989 | D:7      | Bought a scroll of identify for 26 gold pieces
 12085 | D:7      | Found Suthroc's Jewellery Boutique.
 12464 | D:7      | Found Biwkoh's Book Shop.
 12469 | D:7      | Found Sauteh's Distillery.
 12516 | D:7      | Reached skill level 5 in Fighting
 12870 | D:7      | Reached skill level 5 in Dodging
 12870 | D:7      | Reached XP level 9. HP: 61/61 MP: 10/12
 12961 | D:7      | Found an ornate altar of the Wu Jian Council.
 13013 | D:7      | Bought an amulet of regeneration for 420 gold pieces
 13339 | D:8      | Found the +7 mace of Variability {chain chaos}
 13340 | D:8      | Found a shimmering altar of Xom.
 13352 | D:8      | Reached skill level 8 in Unarmed Combat
 13405 | D:8      | Reached * piety under Okawaru
 13448 | D:8      | Reached skill level 1 in Ice Magic
 13959 | D:8      | Reached skill level 5 in Transmutations
 14268 | D:9      | Reached skill level 1 in Invocations
 14268 | D:9      | Reached XP level 10. HP: 61/68 MP: 13/16
 14374 | D:9      | Reached ** piety under Okawaru
 14431 | D:9      | Found a staircase to the Orcish Mines.
 14501 | D:9      | Reached skill level 1 in Evocations
 14857 | D:9      | Noticed a deep elf pyromancer
 15006 | D:9      | Reached skill level 5 in Invocations
 15121 | D:9      | Killed a deep elf pyromancer
 15121 | D:9      | Reached *** piety under Okawaru
 16079 | D:10     | Entered Level 10 of the Dungeon
 16166 | D:10     | Reached skill level 5 in Stealth
 16221 | D:10     | Found a flagged portal.
 16236 | Bailey   | Entered a bailey
 16393 | Bailey   | Reached **** piety under Okawaru
 16394 | Bailey   | Reached XP level 11. HP: 26/74 MP: 13/17
 16663 | Bailey   | Reached skill level 9 in Unarmed Combat
 17344 | D:7      | Bought a potion of heal wounds for 65 gold pieces
 17344 | D:7      | Bought a potion of heal wounds for 65 gold pieces
 17711 | D:10     | Found a staircase to the Lair.
 18212 | D:11     | Paralysed by a hornet for 3 turns
 18214 | D:11     | HP: 3/90 [hornet (13)]
 18523 | D:11     | You fall into a shaft and drop 1 floor!
 18525 | D:12     | Found a runed translucent door.
 18525 | D:12     | Noticed a sixfirhy
 18649 | D:11     | Noticed a white ugly thing
 18752 | D:11     | Noticed a boulder beetle
 18760 | D:11     | Learned a level 5 spell: Blade Hands
 18919 | D:11     | Reached skill level 10 in Unarmed Combat
 18929 | D:10     | Slain by a killer bee

Illustrated notes

Levels and vault maps discovered:
D:1:      amcnicky_arrival_blooded_trapdoor, layout_basic
D:2:      layout_loops_corners, minmay_hexomino_u4
D:3:      layout_basic, kennysheep_slug_shrine, portal_sewer_entry_a,
          minmay_snake_closets, uniq_jessica, uniq_robin
D:4:      layout_gridville, minitemple, grunt_gozag_statues, uniq_menkaure
D:5:      layout_basic, lemuel_round_altar, uniq_sigmund,
          uniq_crazy_yiuf_cottage
D:6:      layout_basic, nicolae_ashenzari_panopticon
D:7:      layout_basic, nzn_wu_jian_council_hall,
          minmay_temple_entry_statues_fountains, serial_shops, shop_fountains,
          shop, shop, shop
D:8:      layout_loops_ring, kennysheep_doodads,
          minmay_guarded_unrand_variability
D:9:      layout_layer_cave, zombieorc2_lemuel, serial_glass, glass_columns_a,
          glass_columns_a
D:10:     layout_cave_pods, lair_entry_dummy, enter_bailey_5
D:11:     layout_basic, elyvilon_altar_1
D:12:     cheibrodos_shockbox, layout_cave_pools, uniq_snorg, uniq_azrael
Temple:   dshaligram_water_room_temple

Skill      XL: |  1  2  3  4  5  6  7  8  9 10 11 |
---------------+----------------------------------+-----
Stealth        | 2 3 4 5 6 |  6.0
Fighting       | 2 3 4 5 6 7 |  7.3
Unarmed Combat | 4 6 7 8 10 | 10.0
Transmutations | 4 6 |  6.0
Poison Magic   | 2 |  2.0
Dodging        | 5 6 7 |  7.3
Ice Magic      | 2 |  2.0
Spellcasting   | 4 |  4.0
Invocations    | 1 6 |  6.0
Evocations     | 4 |  4.0

Action                   |  1- 3 |  4- 6 |  7- 9 | 10-12 || total
-------------------------+-------+-------+-------+-------++-------
Melee: Unarmed           |    82 |   242 |   243 |   409 ||   976
       Constrict         |    25 |    57 |     9 |     1 ||    92
       Kick              |    12 |    53 |    12 |       ||    77
       Tentacles         |     7 |    35 |    12 |     1 ||    55
       Punch             |     1 |     2 |     7 |       ||    10
Throw: Dart              |       |    20 |       |     3 ||    23
       Javelin           |       |     1 |       |       ||     1
 Cast: Beastly Appendage |    25 |    52 |    15 |       ||    92
       Wereblood         |     7 |    20 |     8 |    21 ||    56
       Spider Form       |       |       |    29 |     5 ||    34
       Ice Form          |       |       |       |    44 ||    44
Invok: Heroism           |       |       |     3 |    14 ||    17
Evoke: Wand              |       |       |       |     3 ||     3
  Use: Scroll            |     4 |     9 |     7 |    10 ||    30
       Potion            |       |       |     5 |     4 ||     9
 Stab: Sleeping          |    15 |    13 |    10 |     5 ||    43
       Distracted        |       |       |       |     1 ||     1
Armor: Skin              |     7 |    26 |     2 |    64 ||    99
Dodge: Dodged            |    36 |   160 |   164 |   278 ||   638

Table legend: (Time is in decaauts)
 A = Elapsed time spent in this place.
 B = Non-inter-level travel time spent in this place.
 C = Inter-level travel time spent in this place.
 D = Time resting spent in this place.
 E = Time spent auto-exploring this place.
 F = Levels seen in this place.
 G = Mean time per level.
                   A        B        C        D        E       F      G
               +--------+--------+--------+--------+--------+-----+--------+
         Total |  18793 |  17892 |    901 |   4196 |  10416 |  15 | 1252.9 |
       Dungeon |  16430 |  15569 |    861 |   3288 |   9798 |  12 | 1369.2 |
        Temple |    110 |     70 |     40 |      0 |     68 |   1 |  110.0 |
         Sewer |   1278 |   1278 |      0 |    591 |    360 |   1 | 1278.0 |
        Bailey |    973 |    973 |      0 |    316 |    190 |   1 |  973.0 |
               +--------+--------+--------+--------+--------+-----+--------+

Top non-repeatable levels by time:
     D:3: 2549 daAuts
     D:1: 2027 daAuts
     D:9: 1861 daAuts
     D:6: 1715 daAuts
     D:2: 1568 daAuts
     D:5: 1529 daAuts
     D:7: 1492 daAuts
   Sewer: 1278 daAuts
     D:4: 1077 daAuts
    D:10: 1037 daAuts
     D:8: 987 daAuts
  Bailey: 973 daAuts
    D:11: 577 daAuts
  Temple: 110 daAuts
    D:12: 6 daAuts
